 Dungeon Crawl Stone Soup version 0.30.1-3-gfc49f6343a (webtiles) character file.

Game seed: 16526814683584914285

318064 safid the Cryomancer (level 21, -14/259 HPs)
             Began as a Merfolk Ice Elementalist on Aug 8, 2023.
             Was the Champion of Vehumet.
             Demolished by a +1 flail of distortion (20 damage)
             ... animated by Zenata
             ... on level 3 of the Vaults on Aug 9, 2023.
             The game lasted 02:39:33 (52572 turns).

safid the Cryomancer (Merfolk Ice Elementalist)    Turns: 52572, Time: 02:39:33

Health: -14/259    AC: 20    Str: 20      XL:     21   Next: 44%
Magic:  0/48       EV: 15    Int: 22      God:    Vehumet [******]
Gold:   2157       SH:  8    Dex: 14 (16) Spells: 10/48 levels left

rFire   + + .        n - melded +11 war axe of Zutzos {flame, rF+ rN+ rCorr}
rCold   x x .        X - melded crystal ball of Wucad Mu {*channel}
rNeg    + + .        M - melded +2 robe {Will+}
rPois   +            c - melded +2 helmet {SInv}
rElec   +            e - melded +2 cloak
rCorr   .            a - melded +2 pair of gloves {Dex+3}
SInv    .            C - melded +2 pair of boots
Will    +....        T - brooch of Shielding {Spirit SH+8}
Stlth   ++           d - ring "Deusk" {rElec rPois rC- rN++ AC+4}
HPRegen 0.63/turn    H - ring of magical power
MPRegen 0.31/turn

%: guardian spirit
@: dragon-form, marked, flying, very slightly contaminated, studying 3 skills
A: dragon claw, dragon scales, breathe fire, flying, boosted hp, giant, (nimble
swimmer 2), (mertail), screaming 1, (shaggy fur 1), (heat vulnerability 1)
}: 2/15 runes: barnacled, gossamer
a: Breathe Fire, End Transformation, Renounce Religion


You were on level 3 of the Vaults.
You worshipped Vehumet.
Vehumet was exalted by your worship.
You were a fearsome dragon!
You visited 7 branches of the dungeon, and saw 34 of its levels.
You visited 1 bazaar.
You also visited: Ossuary, Ice Cave, Wizlab and Desolation.

You collected 5301 gold pieces.
You spent 3144 gold pieces at shops.

Inventory:

Hand Weapons
 n - the +11 war axe of Zutzos (melded) {flame, rF+ rN+ rCorr}
   (You bought it in a shop on level 2 of the Orcish Mines)

   rF:        It protects you from fire.
   rN:        It protects you from negative energy.
   rCorr:     It protects you from acid and corrosion.
Missiles
 Q - 3 throwing nets
Armour
 a - a +2 pair of gloves of dexterity (melded)
 c - a +2 helmet of see invisible (melded)
 e - a +2 cloak (melded)
 C - a +2 pair of boots (melded)
 M - a +2 robe of willpower (melded)
 X - the crystal ball of Wucad Mu (melded) {*channel}
   (You found it in a wizard's laboratory)

   *Channel:  It often returns the magic spent to cast spells, but lowers their
   success rate.
   It always returns the magic spent on miscasts.
Jewellery
 d - the ring "Deusk" (left foreclaw) {rElec rPois rC- rN++ AC+4}
   (You took it off a frost giant on level 2 of the Vaults)

   [ring of protection]

   AC:        It affects your AC (+4).
   rC:        It makes you vulnerable to cold.
   rElec:     It insulates you from electricity.
   rPois:     It protects you from poison.
   rN:        It greatly protects you from negative energy.
 G - a ring of ice
 H - a ring of magical power (right foreclaw)
 K - a ring of resist corrosion
 R - a ring of fire
 S - a ring of positive energy
 T - the brooch of Shielding (around neck) {Spirit SH+8}
   (You acquired it on level 14 of the Dungeon)

   [amulet of guardian spirit]

   It causes incoming damage to be divided between your reserves of health and
   magic.
   SH:        It affects your SH (+8).
Wands
 g - a wand of digging (6)
 j - a wand of mindburst (16)
 m - a wand of acid (15)
 q - a wand of paralysis (6)
 y - a wand of polymorph (22)
 D - a wand of flame (78)
 L - a wand of roots (15)
Scrolls
 f - a scroll of poison
 l - 8 scrolls of fog
 o - 10 scrolls of teleportation
 w - 6 scrolls of butterflies
 B - a scroll of magic mapping
 E - 9 scrolls of amnesia
 I - 3 scrolls of silence
Potions
 b - 2 potions of berserk rage
 i - a potion of haste
 k - 4 potions of invisibility
 p - 3 potions of mutation
 r - 4 potions of curing
 s - 9 potions of brilliance
 v - 2 potions of cancellation
 z - 5 potions of lignification
 N - a potion of resistance
 U - 6 potions of ambrosia
Miscellaneous
 t - a phantom mirror
 O - a lightning rod (4/4)
 P - a box of beasts
 V - a phial of floods
 W - a condenser vane


   Skills:
 + Level 16.8 Fighting
 + Level 16.5 Dodging
 - Level 2.1 Stealth
 - Level 8.0 Shields
 + Level 4.5 Unarmed Combat
 - Level 14.0 Spellcasting
 - Level 4.0 Conjurations
 + Level 19.3 Transmutations
 + Level 22.9 Ice Magic
 - Level 8.0 Evocations


You had 10 spell levels left.
You knew the following spells:

 Your Spells              Type           Power      Damage    Failure   Level
a - Irradiate             Conj/Tmut      30%        3d21      1%          5
b - Frozen Ramparts       Ice            100%       1d16      0%          3
c - Ozocubu's Armour      Ice            86%        N/A       0%          3
d - Dragon Form           Tmut           39%        N/A       1%          7
e - Ozocubu's Refrigerat  Ice            43%        4d17      1%          7
f - Polar Vortex          Ice            43%        N/A       9%          9
h - Hailstorm             Conj/Ice       65%        3d14      1%          3
i - Freeze                Ice            100%       1d10      0%          1

Your spell library contained the following spells:

 Spells                   Type           Power      Damage    Failure   Level
 Ignition                 Fire           7%         3d5       100%        8
 Fire Storm               Conj/Fire      12%        8d3       100%        9
 Shatter                  Erth           7%         3d10*     100%        9
 Wereblood                Tmut           79%        N/A       0%          2
 Foxfire                  Conj/Fire      96%        2x1d8     1%          1
 Magic Dart               Conj           100%       1d8       1%          1
 Sandblast                Erth           30%        2d9       1%          1
 Ensorcelled Hibernation  Hex/Ice        100%       N/A       1%          2
 Momentum Strike          Conj/Tloc      48%        3d9       1%          2
 Passwall                 Tmut/Erth      45%        N/A       1%          2
 Poisonous Vapours        Pois/Air       30%        N/A       1%          2
 Static Discharge         Conj/Air       48%        2-4/arc   1%          2
 Dazzling Flash           Conj/Hex       48%        N/A       1%          3
 Ignite Poison            Fire/Tmut/Pois 43%        N/A       1%          3
 Mephitic Cloud           Conj/Pois/Air  21%        N/A       1%          3
 Spider Form              Tmut/Pois      55%        N/A       1%          3
 Stone Arrow              Conj/Erth      48%        3d10      1%          3
 Petrify                  Tmut/Erth      55%        N/A       1%          4
 Summon Ice Beast         Ice/Summ       60%        N/A       1%          4
 Alistair's Intoxication  Tmut/Pois      36%        N/A       1%          5
 Freezing Cloud           Conj/Ice/Air   26%        6-21      1%          5
 Metabolic Englaciation   Hex/Ice        30%        N/A       1%          5
 Volatile Blastmotes      Fire/Tloc      30%        2d12      3%          3
 Eringya's Noxious Bog    Tmut/Pois      27%        N/A       3%          6
 Necrotise                Necr           60%        1d7       4%          1
 Slow                     Hex            60%        N/A       4%          1
 Fulminant Prism          Conj/Hex       12%        3d9       4%          4
 Iskenderun's Mystic Bla  Conj/Tloc      24%        2d7       4%          4
 Sticky Flame             Conj/Fire      24%        2d5       4%          4
 Simulacrum               Ice/Necr       30%        N/A       5%          6
 Call Imp                 Summ           30%        N/A       6%          2
 Cigotuvi's Dreadful Rot  Necr/Pois/Air  30%        N/A       6%          2
 Lesser Beckoning         Tloc           30%        N/A       6%          2
 Sublimation of Blood     Necr           15%        N/A       6%          2
 Airstrike                Air            7%         2d(2-18)  11%         4
 Confusing Touch          Hex            15%        N/A       12%         3
 Gell's Gravitas          Tloc           15%        N/A       12%         3
 Teleport Other           Tloc           15%        N/A       12%         3
 Vampiric Draining        Necr           15%        2d7       12%         3
 Vhi's Electric Charge    Tloc/Air       30%        N/A       12%         3
 Statue Form              Tmut/Erth      36%        N/A       12%         6
 Arcjolt                  Conj/Air       12%        1d22      13%         5
 Fireball                 Conj/Fire      12%        3d7       13%         5
 Lee's Rapid Deconstruct  Erth           7%         3d7*      28%         5
 Anguish                  Hex/Necr       7%         N/A       36%         4
 Animate Armour           Summ/Erth      30%        N/A       36%         4
 Cause Fear               Hex            7%         N/A       36%         4
 Leda's Liquefaction      Hex/Erth       7%         N/A       36%         4
 Passage of Golubria      Tloc           15%        N/A       36%         4
 Summon Lightning Spire   Summ/Air       15%        N/A       36%         4
 Starburst                Conj/Fire      12%        6d5       54%         6
 Agony                    Necr           15%        N/A       73%         5
 Borgnjor's Vile Clutch   Necr/Erth      7%         N/A       73%         5
 Silence                  Hex/Air        7%         N/A       73%         5
 Summon Forest            Summ/Tloc      7%         N/A       73%         5
 Summon Mana Viper        Hex/Summ       15%        N/A       73%         5
 Plasma Beam              Fire/Air       7%         2x1d20    80%         6
 Dispersal                Tloc           7%         N/A       99%         6
 Malign Gateway           Summ/Tloc      7%         N/A       100%        7
 Monstrous Menagerie      Summ           7%         N/A       100%        7
 Summon Hydra             Summ           7%         N/A       100%        7
 Lehudib's Crystal Spear  Conj/Erth      12%        10d4      100%        8
 Maxwell's Capacitive Co  Air            7%         ∞         100%        8
 Summon Horrible Things   Summ           7%         N/A       100%        8
 Dragon's Call            Summ           7%         N/A       100%        9


Dungeon Overview and Level Annotations

Branches:
Dungeon (15/15)            Temple (1/1) D:6            Lair (5/5) D:8
 Shoals (4/4) Lair:2       Spider (4/4) Lair:2        Slime (0/5) Lair:4
    Orc (2/2) D:12            Elf (0/3) Orc:2        Vaults (3/5) D:14
  Crypt (0/3) Vaults:2     Depths (0/4) D:15        Ossuary (visited)
  IceCv (visited)          WizLab (visited)         Desolation (visited)

Altars:
Ashenzari
Cheibriados
Dithmenos
Elyvilon
Fedhas
Gozag
Hepliaklqana
Kikubaaqudgha
Makhleb
Nemelex Xobeh
Okawaru
Qazlal
Ru
Sif Muna
Trog
Uskayaw
Vehumet
Wu Jian
Xom
Yredelemnul
Zin
The Shining One

Shops:
D:8 [   D:10 *   D:12 =   Orc:2 ?*?[   Vaults:1 =

Portals:
Hell: Lair:5
Abyss: Lair:3

Annotations:
D:5 1 exclusion
D:9 exclusion: ice statue
D:13 Rupert
Lair:3 2 transporters, Sazxiawk's ghost, journeyman VSFi
Lair:4 exclusion: 2 oklob plants
Shoals:2 Ilsuiw
Spider:2 Roxanne
Vaults:2 exclusion: 2 ice statues
Vaults:3 Zenata


Innate Abilities, Weirdness & Mutations

You are a fearsome dragon!
You have a powerful clawing attack.
Your giant scaled body is strong and resiliant, but less evasive.
You can breathe fire.
You are flying.
Your maximum health is greatly increased.
Your armour is entirely melded.
You are incapable of wielding weapons or throwing items.
((You are very nimble when in or above water. (Stealth+, EV+, Speed+++)))
((Your lower body shifts to a powerful aquatic tail in water.))
You occasionally shout uncontrollably at your foes.
((You are covered in fur. (AC +1)))
((You are vulnerable to heat. (rF-)))


Message History

You claw the vault sentinel!
The vault sentinel is heavily wounded.
The +3 trident of venom hits you but does no damage.
The +1 flail of distortion hits you!
* * * LOW HITPOINT WARNING * * *
Space warps horribly around you!
* * * LOW HITPOINT WARNING * * *
The vault sentinel barely misses you.
The +3 trident of venom hits you from afar!
* * * LOW HITPOINT WARNING * * *
Strange energies crackle from the ironbound thunderhulk's apparatus.
The ironbound thunderhulk blinks!
The +1 flail of distortion completely misses you.
The vault sentinel attacks as you move away!
You block the vault sentinel's attack.
The +1 flail of distortion attacks as you move away!
You block the +1 flail of distortion's attack.
The vault sentinel blows a loud note on a signal horn!
The +3 trident of venom hits you but does no damage.
The +1 flail of distortion hits you.
* * * LOW HITPOINT WARNING * * *
You blink.
A brown very ugly thing and a vault sentinel come into view.
The vault sentinel is wielding a +2 heavy long sword.
Zenata points at you and mumbles some strange words.
A blast of power from the earth and the +3 trident of venom strikes you!
* * * LOW HITPOINT WARNING * * *
A brown very ugly thing comes into view.
Unknown command.
Unknown command.
Unknown command.
Blink to where?
Press: ? - help, Dir - move target
As you read the scroll of blinking, it crumbles to dust.
The brown very ugly thing moves out of view.
The +1 flail of distortion attacks as you move away!
The +1 flail of distortion hits you.
* * * LOW HITPOINT WARNING * * *
Space warps horribly around you!!
You die...

#####
##...##
#..<..#
##..)D)##
#...>(..#
#)..).).##
#......(..#
##+#####'###
......p.p..#
....#.#)O..#
. # #.†..#
#O§..#


You could see an ironbound thunderhulk, a vault sentinel and 2 dancing weapons.

Vanquished Creatures
  Nikola (Shoals:4)
  Arachne (Spider:3)
  A titan (Vaults:2)
  Polyphemus (Shoals:2)
  A sphinx (Vaults:3)
  A kraken (Shoals:3)
  2 azure jellies (Vaults:2)
  A frost giant (Vaults:2)
  A fire giant (Vaults:2)
  A deep elf sorcerer (Vaults:2)
  6 ghost moths
  Louise (D:15)
  6 vault wardens
  5 emperor scorpions
  A war gargoyle (Vaults:2)
  2 very ugly things (Vaults:2)
  12 ironbound preservers
  A broodmother (Spider:4)
  A vampire knight (Vaults:2)
  5 ironbound thunderhulks
  Nessos (D:13)
  2 red draconians (Vaults:2)
  5 spark wasps
  7 dire elephants
  An orange crystal statue (WizLab)
  Snorg (D:13)
  7 merfolk impalers
  2 ettins
  2 great orbs of eyes (Vaults:1)
  5 merfolk javelineers
  4 entropy weavers
  A servant of whispers (Desolation)
  A deep elf high priest (Vaults:2)
  7 yaktaur captains
  11 vault guards
  An ice dragon (Orc:1)
  3 peacekeepers
  Josephine (D:12)
  17 centaur warriors
  6 ogre magi
  4 hydras
  2 merfolk aquamancers (Shoals:4)
  2 catoblepae
  4 jorogumos
  3 merfolk avatars
  7 boulder beetles
  5 ironbound frosthearts (Vaults:2)
  24 two-headed ogres
  A satyr (Shoals:2)
  2 death knights (Vaults:2)
  A tengu warrior (D:15)
  3 death yaks (Shoals:2)
  A vampire mage (Vaults:2)
  2 orc high priests
  A sun demon (Lair:5)
  A fire crab (shapeshifter) (Vaults:2)
  Nergalle (Lair:1)
  7 skysharks
  A sun moth (Spider:3)
  A shadow wraith (Vaults:2)
  6 pharaoh ants
  A glowing orange brain (Vaults:2)
  8 orb spiders
  13 sea snakes
  16 ironbound convokers
  8 wizards
  25 deep trolls
  A necromancer (Vaults:2)
  5 orc knights
  5 steelbarb worms
  12 lindwurms
  23 harpies
  14 ugly things
  3 orc sorcerers
  22 wolf spiders
  2 deep elf pyromancers (D:14)
  2 cyclopes
  18 manticores
  6 fauns
  12 elephants (Lair:5)
  A moth of wrath (Spider:3)
  5 torpor snails
  5 vault sentinels
  8 merfolk sirens
  A guardian serpent (shapeshifter) (Vaults:2)
  10 water nymphs
  2 black mambas (Lair:5)
  Joseph (D:10)
  A smoke demon (Lair:5)
  A naga mage (Vaults:2)
  7 demonic crawlers
  An eye of devastation (Vaults:2)
  12 cane toads
  6 gargoyles
  2 ice statues (IceCv)
  An orange demon (Lair:5)
  4 centaur skeletons (D:14)
  4 rime drakes
  An efreet (D:15)
  9 komodo dragons
  2 freezing wraiths
  4 ice devils (Lair:5)
  An unseen horror (shapeshifter) (D:15)
  A yaktaur (shapeshifter) (Vaults:2)
  A komodo dragon (shapeshifter) (D:14)
  4 tengu conjurers
  16 yaktaurs
  An anaconda simulacrum (Vaults:2)
  20 merfolk
  9 trolls
  A wind drake (Shoals:4)
  3 polar bears
  14 blink frogs
  17 tarantellas
  15 hornets
  7 saltlings (Desolation)
  6 dream sheep
  An ettin zombie (Vaults:2)
  6 snapping turtles
  20 jumping spiders
  18 culicivoras
  7 slime creatures
  Sigmund (D:5)
  A shadow (D:7)
  6 wyverns
  58 yaks
  2 vampires (D:10)
  2 water elementals
  3 basilisks
  A basilisk (shapeshifter) (D:8)
  4 wraiths
  2 steam dragons
  4 vampire mosquitoes
  35 redbacks
  2 wargs
  6 acid dragons
  3 hell hounds (Lair:5)
  10 water moccasins
  A glowing shapeshifter skeleton (Vaults:2)
  An ice beast (D:7)
  24 orc warriors
  2 fire dragon simulacra (Vaults:2)
  2 black bears
  35 ogres
  2 sky beasts
  5 boggarts (D:15)
  3 black mamba simulacra (Vaults:2)
  16 centaurs
  17 wolves
  An elf simulacrum (Vaults:2)
  2 phantoms
  2 kobold brigands
  10 bullfrogs
  A gnoll sergeant (D:10)
  2 scorpions
  8 wights
  2 elephant simulacra (Vaults:2)
  16 killer bees
  7 electric eels
  2 howler monkeys (D:7)
  A centaur zombie (Ossuary)
  3 human zombies (Ossuary)
  A jelly (D:5)
  9 orc priests
  4 hounds
  A gnoll bouda (D:8)
  Jessica (D:3)
  7 hell rats (Lair:1)
  2 iguanas
  22 orc wizards
  3 polar bear simulacra (IceCv)
  A wolf simulacrum (IceCv)
  5 mummies (Ossuary)
  11 gnolls
  3 adders
  2 shadow imps
  2 white imps
  2 ufetubi
  A worm (D:3)
  3 dart slugs
  80 orcs
  8 ball pythons
  3 endoplasms
  A giant cockroach (D:4)
  3 gnoll zombies (Ossuary)
  3 hobgoblins
  2 jackals (D:3)
  2 quokkas (D:1)
  5 bats
  3 frilled lizards (D:1)
  8 goblins
  A hobgoblin zombie (Ossuary)
  16 kobolds
  6 rats
  3 tentacles (Shoals:3)
1196 creatures vanquished.

Vanquished Creatures (others)
  A dire elephant (Vaults:2)
  A merfolk aquamancer (Shoals:4)
  A skeletal warrior (D:14)
  3 harpies (Shoals:4)
  A polar bear (Orc:1)
  A snapping turtle (Shoals:4)
  An orc wizard (D:11)
  A tentacle (Shoals:3)
10 creatures vanquished.

Grand Total: 1206 creatures vanquished

Notes
Turn   | Place    | Note
-------+----------+-------------------------------------------
     0 | D:1      | safid the Merfolk Ice Elementalist began the quest for the
                  | Orb.
     0 | D:1      | Reached XP level 1. HP: 13/13 MP: 3/3
   152 | D:1      | Reached XP level 2. HP: 19/20 MP: 3/5
   257 | D:1      | Reached skill level 1 in Fighting
   965 | D:2      | Found a burning altar of Makhleb.
   995 | D:2      | Reached XP level 3. HP: 23/26 MP: 6/6
   999 | D:2      | Learned a level 3 spell: Frozen Ramparts
  1099 | D:2      | Found a faded altar of an unknown god.
  1609 | D:3      | Reached XP level 4. HP: 31/33 MP: 7/7
  1632 | D:3      | Learned a level 3 spell: Ozocubu's Armour
  1788 | D:3      | Noticed Jessica
  1800 | D:3      | Killed Jessica
  1801 | D:3      | Reached skill level 5 in Ice Magic
  1931 | D:3      | Found a broken altar of Ashenzari.
  2194 | D:3      | Found a blossoming altar of Fedhas.
  2269 | D:4      | Found a sand-covered staircase.
  2274 | Ossuary  | Entered an ossuary
  2377 | Ossuary  | Reached XP level 5. HP: 33/39 MP: 9/9
  2535 | Ossuary  | Reached XP level 6. HP: 46/46 MP: 10/10
  3332 | D:5      | Entered Level 5 of the Dungeon
  3465 | D:5      | Found an opulent altar of Gozag.
  3605 | D:5      | Reached skill level 5 in Dodging
  3607 | D:5      | Reached XP level 7. HP: 39/52 MP: 6/12
  3608 | D:5      | Reached skill level 6 in Ice Magic
  3978 | D:5      | Noticed Sigmund
  4065 | D:5      | Found a shadowy altar of Dithmenos.
  4065 | D:5      | Noticed a shadow
  4071 | D:5      | Found a hazy altar of Hepliaklqana.
  4554 | D:6      | Reached XP level 8. HP: 15/60 MP: 12/14
  5031 | D:6      | Found a staircase to the Ecumenical Temple.
  5070 | D:6      | Reached skill level 5 in Fighting
  5070 | D:6      | Reached skill level 7 in Ice Magic
  5332 | D:6      | Reached skill level 5 in Spellcasting
  6045 | D:5      | Killed Sigmund
  6070 | D:5      | Found an ornate altar of the Wu Jian Council.
  6122 | D:5      | Found a glowing silver altar of Zin.
  6292 | D:7      | Noticed a hornet
  6305 | D:7      | Killed a hornet
  6306 | D:7      | Reached XP level 9. HP: 60/69 MP: 11/17
  6567 | D:7      | Reached skill level 8 in Ice Magic
  7115 | D:7      | Learned a level 3 spell: Hailstorm
  7180 | D:7      | Found a snail-covered altar of Cheibriados.
  7440 | D:8      | Noticed a komodo dragon
  7450 | D:8      | Killed a komodo dragon
  7463 | D:8      | Noticed a manticore
  7598 | D:8      | Killed a manticore
  7599 | D:8      | Reached skill level 9 in Ice Magic
  7599 | D:8      | Reached XP level 10. HP: 59/79 MP: 6/20
  7754 | D:8      | Found Kiebit's Antique Armour Boutique.
  7762 | D:8      | Bought a glowing helmet for 255 gold pieces
  7783 | D:8      | Noticed a cyclops
  7786 | D:8      | Noticed an entropy weaver
  7787 | D:8      | an entropy weaver changed into a basilisk
  7796 | D:8      | Killed a cyclops
  7797 | D:8      | Reached skill level 10 in Dodging
  8013 | D:8      | Noticed a five-headed hydra
  8023 | D:8      | Killed a five-headed hydra
  8052 | D:8      | Reached skill level 10 in Ice Magic
  8432 | D:8      | Reached XP level 11. HP: 83/87 MP: 15/22
  8592 | D:8      | Found a staircase to the Lair.
  9550 | D:10     | Entered Level 10 of the Dungeon
  9550 | D:10     | Noticed Joseph
  9569 | D:10     | Killed Joseph
  9679 | D:10     | Noticed a two-headed ogre
  9696 | D:10     | Killed a two-headed ogre
  9701 | D:10     | Identified the +0 robe "Deaw" {Harm rElec rF- rC++ Will+}
 10034 | D:10     | Found Quoseog's Assorted Antiques.
 10038 | D:10     | Bought a scroll of identify for 60 gold pieces
 10038 | D:10     | Bought a scroll of identify for 60 gold pieces
 10110 | D:10     | Found a sacrificial altar of Ru.
 10270 | Temple   | Entered the Ecumenical Temple
 10307 | Temple   | Became a worshipper of Vehumet
 10507 | D:10     | Noticed a catoblepas
 10507 | D:10     | Found the +10 dark maul {heavy}
 10508 | D:10     | Noticed a two-headed ogre
 10508 | D:10     | Noticed a two-headed ogre
 10618 | Lair:1   | Entered Level 1 of the Lair of Beasts
 10621 | Lair:1   | Noticed Nergalle
 10631 | Lair:1   | Noticed a spectral orc warlord
 10644 | Lair:1   | Killed Nergalle
 10645 | Lair:1   | Reached skill level 10 in Fighting
 10645 | Lair:1   | Reached skill level 11 in Ice Magic
 11880 | Lair:1   | Noticed a boulder beetle
 11985 | Lair:2   | Found a staircase to the Shoals.
 11985 | Lair:2   | Noticed a harpy
 11985 | Lair:2   | Noticed a harpy
 11985 | Lair:2   | Noticed a harpy
 11990 | Lair:2   | Killed a harpy
 11991 | Lair:2   | Reached skill level 12 in Ice Magic
 11991 | Lair:2   | Killed a harpy
 11991 | Lair:2   | Killed a harpy
 11992 | Lair:2   | Reached XP level 12. HP: 81/100 MP: 24/24
 11994 | Lair:2   | Reached * piety under Vehumet
 11994 | Lair:2   | Offered knowledge of Foxfire by Vehumet.
 12199 | Lair:2   | Noticed a skyshark
 12215 | Lair:2   | Killed a skyshark
 12216 | Lair:2   | Reached skill level 13 in Ice Magic
 12356 | Lair:2   | Noticed a boulder beetle
 12385 | Lair:2   | Killed a boulder beetle
 12657 | Lair:2   | Reached skill level 14 in Ice Magic
 12661 | Lair:2   | Noticed a skyshark
 12673 | Lair:2   | Killed a skyshark
 12874 | Lair:2   | Found a hole to the Spider Nest.
 13023 | Lair:3   | Noticed a skyshark
 13038 | Lair:3   | Killed a skyshark
 13039 | Lair:3   | Reached skill level 15 in Ice Magic
 13294 | Lair:3   | Reached ** piety under Vehumet
 13302 | Lair:3   | Reached XP level 13. HP: 108/108 MP: 25/25
 13359 | Lair:3   | Found a one-way gate to the infinite horrors of the Abyss.
 13359 | Lair:3   | Noticed Sazxiawk's ghost (journeyman VSFi)
 13379 | Lair:3   | Offered knowledge of Scorch by Vehumet.
 13456 | Lair:3   | You fall into a shaft and drop 2 floors!
 13456 | Lair:5   | Entered Level 5 of the Lair of Beasts
 13470 | Lair:5   | Reached skill level 16 in Ice Magic
 14045 | Lair:5   | Identified the +10 plate armour of Moqy {Int+6 Dex+2}
 14266 | Lair:5   | Learned a level 5 spell: Irradiate
 14486 | Lair:5   | Reached skill level 1 in Transmutations
 14503 | Lair:5   | Offered knowledge of Inner Flame by Vehumet.
 14526 | Lair:5   | Reached skill level 1 in Conjurations
 14831 | Lair:3   | Reached *** piety under Vehumet
 14891 | Lair:3   | Found a transporter.
 14898 | Lair:3   | Found a transporter.
 15573 | Lair:4   | Found a staircase to the Slime Pits.
 15613 | Lair:4   | Paralysed by a hornet for 2 turns
 16870 | Lair:5   | Reached XP level 14. HP: 96/118 MP: 26/26
 16963 | Lair:5   | Reached skill level 5 in Transmutations
 17928 | Lair:5   | Found a burning altar of Makhleb.
 17982 | Lair:5   | Offered knowledge of Olgreb's Toxic Radiance by Vehumet.
 18138 | Lair:5   | HP: 1/119 [sun demon (17)]
 18810 | Lair:5   | Found a gateway to Hell.
 19875 | D:10     | Reached skill level 15 in Dodging
 20010 | D:11     | Reached **** piety under Vehumet
 20022 | D:11     | Offered knowledge of Freezing Cloud by Vehumet.
 20795 | D:12     | Noticed Josephine
 20802 | D:12     | Killed Josephine
 21434 | D:12     | Found a staircase to the Orcish Mines.
 21498 | D:12     | Found Zufeowena's Jewellery Emporium.
 21691 | Orc:1    | Entered Level 1 of the Orcish Mines
 21749 | Orc:1    | Reached ***** piety under Vehumet
 21756 | Orc:1    | Found a frozen archway.
 21760 | Orc:1    | Offered knowledge of Iskenderun's Battlesphere by Vehumet.
 21789 | Orc:1    | Gained mutation: You sometimes lose your temper in combat.
                  | [mutagenic glow]
 21828 | IceCv    | Entered an ice cave
 22112 | IceCv    | Found a transporter.
 22124 | IceCv    | Found a transporter.
 22156 | IceCv    | Gained mutation: You are dopey. (Int -2) [mutagenic glow]
 22203 | IceCv    | Learned a level 7 spell: Ozocubu's Refrigeration
 22413 | Orc:1    | Gained mutation: You are very dopey. (Int -4) [a neqoxec]
 22421 | Orc:1    | Paralysed by an orc sorcerer for 3 turns
 22698 | Orc:2    | Entered Level 2 of the Orcish Mines
 22729 | Orc:1    | Lost mutation: You sometimes lose your temper in combat.
                  | [potion of mutation]
 22729 | Orc:1    | Lost mutation: You are very dopey. (Int -4) [potion of
                  | mutation]
 22729 | Orc:1    | Lost mutation: You are dopey. (Int -2) [potion of mutation]
 22729 | Orc:1    | Gained mutation: You are frail. (-10% HP) [potion of
                  | mutation]
 22729 | Orc:1    | Gained mutation: Your mind is acute. (Int +4, Str/Dex -1)
                  | [potion of mutation]
 23211 | Orc:2    | Reached XP level 15. HP: 83/114 MP: 21/27
 23364 | Orc:2    | Reached skill level 15 in Fighting
 23596 | Orc:2    | Offered knowledge of Sticky Flame by Vehumet.
 23672 | Orc:2    | Found Tecymeav's Assorted Antiques.
 23672 | Orc:2    | Found Juripn Moed's Antique Armour Boutique.
 23673 | Orc:2    | Found Wyupp's Magic Scroll Shop.
 23673 | Orc:2    | Found Woxt's Magic Scroll Shoppe.
 23686 | Orc:2    | Reached skill level 10 in Transmutations
 23800 | Orc:2    | Learned a level 9 spell: Polar Vortex
 25081 | Orc:2    | Found a staircase to the Elven Halls.
 25975 | Orc:2    | Bought a scroll of identify for 66 gold pieces
 25976 | Orc:2    | Bought a pair of embroidered gloves for 247 gold pieces
 25988 | Orc:2    | Bought a scroll of teleportation for 33 gold pieces
 25988 | Orc:2    | Bought a scroll of teleportation for 33 gold pieces
 25988 | Orc:2    | Bought a scroll of fear for 44 gold pieces
 25989 | Orc:2    | Bought a scroll of identify for 28 gold pieces
 25989 | Orc:2    | Bought a scroll of identify for 28 gold pieces
 25989 | Orc:2    | Bought a scroll of enchant armour for 105 gold pieces
 25989 | Orc:2    | Bought a scroll of acquirement for 728 gold pieces
 25994 | Orc:2    | Acquired 1008 gold pieces
 25998 | Orc:2    | Bought a fine war axe for 280 gold pieces
 25998 | Orc:2    | Identified the +11 war axe of Zutzos {flame, rF+ rN+ rCorr}
                  | (You bought it in a shop on level 2 of the Orcish Mines)
 25998 | Orc:2    | Bought a pitted morningstar for 297 gold pieces
 25998 | Orc:2    | Identified the +1 morningstar of Gecaluar {pain, rC- Str+2
                  | Stlth+} (You bought it in a shop on level 2 of the Orcish
                  | Mines)
 26252 | Shoals:1 | Entered Level 1 of the Shoals
 26258 | Shoals:1 | Reached skill level 1 in Shields
 27465 | Shoals:2 | Found a flickering gateway to a bazaar.
 27472 | Shoals:2 | Noticed Polyphemus
 27573 | Bazaar   | Entered a bazaar
 27573 | Bazaar   | Found Kuimekhli's Book Emporium.
 27573 | Bazaar   | Found Beceengi's Weapon Shoppe.
 27573 | Bazaar   | Found Vukheonk's Magic Scroll Emporium.
 27719 | Bazaar   | Bought a scroll of magic mapping for 60 gold pieces
 27719 | Bazaar   | Bought a scroll of blinking for 60 gold pieces
 27719 | Bazaar   | Bought a scroll of teleportation for 24 gold pieces
 27723 | Bazaar   | Bought a book of the Dragon for 736 gold pieces
 27748 | Shoals:2 | Killed Polyphemus
 27749 | Shoals:2 | Reached skill level 5 in Shields
 28135 | Shoals:2 | Reached XP level 16. HP: 124/124 MP: 27/29
 28233 | Shoals:2 | Reached skill level 17 in Ice Magic
 28490 | Shoals:2 | Noticed Ilsuiw
 29045 | Shoals:3 | Noticed a kraken
 29052 | Shoals:3 | Killed a kraken
 30003 | Shoals:4 | Entered Level 4 of the Shoals
 30317 | Shoals:4 | Reached skill level 10 in Spellcasting
 30482 | Shoals:4 | Offered knowledge of Yara's Violent Unravelling by Vehumet.
 30559 | Shoals:4 | Got a barnacled rune of Zot
 30596 | Shoals:4 | Reached skill level 18 in Ice Magic
 30725 | Shoals:4 | Noticed Nikola
 30744 | Shoals:4 | Killed Nikola
 31149 | Shoals:4 | Identified the staff of conjuration "Onorhub" {SInv}
 31516 | Shoals:4 | Got the Octavo of Decaying Lava
 31548 | Shoals:4 | Identified the staff of cold "Plog" {rF++ rC+}
 31727 | Shoals:4 | Found the +7 mace of Variability {chaos, chaos arc}
 32162 | Shoals:4 | Reached XP level 17. HP: 107/129 MP: 12/32
 32373 | Shoals:4 | Learned a level 7 spell: Dragon Form
 32869 | D:13     | Noticed Rupert
 32885 | D:13     | Noticed Nessos
 32914 | D:13     | Noticed Snorg
 32919 | D:13     | Reached skill level 1 in Unarmed Combat
 32932 | D:13     | Reached skill level 1 in Evocations
 32938 | D:13     | Killed Snorg
 33576 | D:13     | Killed Nessos
 33724 | D:14     | Acquired the brooch of Shielding {Spirit SH+8}
 33724 | D:14     | Found the brooch of Shielding {Spirit SH+8}
 34090 | D:14     | Found a gate to the Vaults.
 34113 | D:14     | Reached skill level 19 in Ice Magic
 34127 | D:14     | Found a glowing golden altar of the Shining One.
 34727 | D:15     | Entered Level 15 of the Dungeon
 34768 | D:15     | Offered knowledge of Spellforged Servitor by Vehumet.
 34853 | D:15     | Noticed Louise
 34862 | D:15     | Killed Louise
 34968 | D:15     | Found a broken altar of Ashenzari.
 35215 | D:15     | Found a staircase to the Depths.
 36141 | Spider:1 | Entered Level 1 of the Spider Nest
 36255 | Spider:1 | Reached skill level 5 in Evocations
 37214 | Spider:1 | Got the Atlas of Orientation
 37506 | Spider:1 | HP: 7/193 [spark wasp (11)]
 37997 | Spider:2 | Noticed Roxanne
 37997 | Spider:2 | You fall into a shaft and drop 1 floor!
 37997 | Spider:3 | Noticed Arachne
 38672 | Spider:3 | Killed Arachne
 39081 | Spider:3 | Reached XP level 18. HP: 78/135 MP: 23/34
 39253 | Spider:3 | Offered knowledge of Orb of Destruction by Vehumet.
 39630 | Spider:3 | Paralysed by a jorogumo for 2 turns
 40319 | Spider:4 | Entered Level 4 of the Spider Nest
 40868 | Spider:4 | Reached skill level 20 in Ice Magic
 41436 | Spider:4 | Offered knowledge of Conjure Ball Lightning by Vehumet.
 41955 | Spider:4 | Reached skill level 15 in Transmutations
 43198 | Spider:4 | Identified the +0 pair of boots "Ucwur" {Str+4}
 43221 | Spider:4 | Got a gossamer rune of Zot
 44560 | Vaults:1 | Entered Level 1 of the Vaults
 44606 | Vaults:1 | Found a magical portal.
 44614 | WizLab   | Entered Wucad Mu's Monastery
 44892 | WizLab   | Found the crystal ball of Wucad Mu {*channel}
 44906 | WizLab   | Offered knowledge of Iron Shot by Vehumet.
 45265 | WizLab   | Reached XP level 19. HP: 141/141 MP: 35/35
 45670 | Vaults:1 | Reached skill level 21 in Ice Magic
 45688 | Vaults:1 | Reached XP level 20. HP: 104/147 MP: 16/37
 46950 | Vaults:1 | Found Faxzecas's Jewellery Emporium.
 47620 | Vaults:2 | Found a crumbling gateway.
 47820 | Desolati | Entered the Desolation of Salt
 48178 | Vaults:2 | Reached ****** piety under Vehumet
 48186 | Vaults:2 | Offered knowledge of Fire Storm by Vehumet.
 48186 | Vaults:2 | Offered knowledge of Shatter by Vehumet.
 48186 | Vaults:2 | Offered knowledge of Ignition by Vehumet.
 48455 | Vaults:2 | Identified the +3 robe of Rysh {rCorr Str-3 Int+6}
 48903 | Vaults:2 | Gained mutation: You have hidden genetic defects.
                  | [mutagenic glow]
 48912 | Vaults:1 | Gained mutation: You occasionally lose the ability to drink
                  | potions when taking damage. [mutagenic glow]
 49180 | Vaults:1 | Lost mutation: Your mind is acute. (Int +4, Str/Dex -1)
                  | [potion of mutation]
 49180 | Vaults:1 | Lost mutation: You occasionally lose the ability to drink
                  | potions when taking damage. [potion of mutation]
 49180 | Vaults:1 | Lost mutation: You are frail. (-10% HP) [potion of
                  | mutation]
 49180 | Vaults:1 | Gained mutation: You occasionally lose the ability to drink
                  | potions when taking damage. [potion of mutation]
 49180 | Vaults:1 | Gained mutation: Your muscles are strong. (Str +4, Int/Dex
                  | -1) [potion of mutation]
 49180 | Vaults:1 | Gained mutation: You are dopey. (Int -2) [potion of
                  | mutation]
 49180 | Vaults:1 | Gained mutation: You possess an exceptional clarity of
                  | mind. [potion of mutation]
 49181 | Vaults:1 | Lost mutation: You have hidden genetic defects. [potion of
                  | mutation]
 49181 | Vaults:1 | Lost mutation: Your muscles are strong. (Str +4, Int/Dex
                  | -1) [potion of mutation]
 49181 | Vaults:1 | Lost mutation: You are dopey. (Int -2) [potion of mutation]
 49181 | Vaults:1 | Gained mutation: You are vulnerable to heat. (rF-) [potion
                  | of mutation]
 49181 | Vaults:1 | Gained mutation: You occasionally shout uncontrollably at
                  | your foes. [potion of mutation]
 49181 | Vaults:1 | Gained mutation: You are strong-willed. (Will+) [potion of
                  | mutation]
 49182 | Vaults:1 | Lost mutation: You occasionally lose the ability to drink
                  | potions when taking damage. [potion of mutation]
 49182 | Vaults:1 | Lost mutation: You are strong-willed. (Will+) [potion of
                  | mutation]
 49182 | Vaults:1 | Lost mutation: You possess an exceptional clarity of mind.
                  | [potion of mutation]
 49182 | Vaults:1 | Gained mutation: You are covered in fur. (AC +1) [potion of
                  | mutation]
 49228 | Vaults:2 | Reached skill level 22 in Ice Magic
 50086 | Vaults:2 | Found a staircase to the Crypt.
 50646 | Vaults:2 | Reached XP level 21. HP: 171/171 MP: 35/39
 51465 | Vaults:2 | Got the Handbook of Asceticism
 51765 | Vaults:2 | HP: 10/258 [vampire knight/vampiric draining (18)]
 52130 | Vaults:2 | Identified the ring "Deusk" {rElec rPois rC- rN++ AC+4}
 52554 | Vaults:3 | Noticed Zenata
 52569 | Vaults:3 | HP: 9/259 [Zenata/a resonance strike (26)]
 52572 | Vaults:3 | Demolished by a +1 flail of distortion

Illustrated notes

Levels and vault maps discovered:
D:1:      dpeg_arrival_connections, layout_basic
D:2:      layout_rooms, basic_altar, nicolae_ecumenical_snake_handling
D:3:      layout_loops_ring, mainiacjoe_overflow_catwalk_spiral, uniq_jessica
D:4:      nicolae_BIG_FREAKIN_CUBE, layout_gridville, enter_ossuary_5
D:5:      layout_basic, nicolae_gozag_cash_rules_everything_around_me,
          nicolae_wu_jian_immortal_techniques,
          riverfiend_overflow_shadow_ancestor, zin_statuary,
          roderic_serpentine_path, grunt_ministairs_6, uniq_sigmund
D:6:      layout_basic, minmay_temple_entry_ruins
D:7:      layout_loops_cross, lemuel_doored_altar
D:8:      minmay_the_grid_plus [minmay_the_grid_stretched_grid,
          minmay_the_grid_embedded, minmay_the_grid_dragon_b,
          minmay_the_grid_eight, minmay_the_grid_prize_big_room], layout_rooms,
          lair_entry_dummy, serial_rivers, chequers_serial_rivers_large_a,
          chequers_serial_rivers_marsh, chequers_serial_rivers_room_a,
          chequers_serial_rivers_large_b, chequers_serial_rivers_marsh,
          chequers_serial_rivers_small_b, serial_shops,
          nicolae_shop_tiny_statue_garden
D:9:      layout_roguey, minmay_misc_feat_cross, minivault_16, evilmike_butchery
D:10:     minmay_roctagon, layout_rooms, nicolae_ru_path_of_blood, serial_shops,
          shop, uniq_joseph
D:11:     layout_cave_pools
D:12:     layout_long_grid, orc_0_dummy, serial_shops,
          nicolae_inconvenience_store, uniq_josephine
D:13:     layout_gridville, uniq_rupert, uniq_snorg, uniq_nessos
D:14:     layout_small_grid, hangedman_vaults_entry_quadrant_bands, basic_altar,
          kennysheep_small_spiral
D:15:     hangedman_depths_entry_civil_slaughter, layout_basic,
          nicolae_ashenzari_skybound, uniq_louise
Temple:   cyrus_circular_temple
Lair:1:   layout_hall_layers, uniq_nergalle
Lair:2:   layout_misc_corridors, nicolae_shoals_entry_roost,
          spider_nest_entry_rubble, lemuel_fruit_tree
Lair:3:   layout_misc_corridors, gammafunk_ghost_abyssal_escape, st_stairs_9,
          serial_bayou_shore_b, serial_bayou_shore_a
Lair:4:   layout_regular_city, minmay_slime_entry_oklob_enclosed,
          dreamdust_wasp_nest, grunt_megastairs_3
Lair:5:   evil_forest, layout_hall_layers
Shoals:1: layout_shoals, nicolae_shoals_land_atoll
Shoals:2: layout_shoals, serial_shops, bzr_in_the_mist,
          nicolae_shoals_nymph_descending_staircase, uniq_polyphemus,
          uniq_ilsuiw
Shoals:3: layout_shoals, nicolae_shoals_lost_giant_baths, abandoned_shop
Shoals:4: shoals_end_simple, layout_shoals, shoals_ilsuiw_ice,
          nzn_prometheus_bound, uniq_nikola
Spider:1: layout_spider_delve, nicolae_spider_bzzzt
Spider:2: layout_spider_delve, uniq_roxanne
Spider:3: layout_spider_delve, nicolae_spider_bug_shape, uniq_arachne
Spider:4: spider_rune_water
Orc:1:    layout_diamond_mine, portal_ice_cave_entry_animals_and_master
Orc:2:    st_orc_ogre_mass, layout_caves
Vaults:1: mu_enter_wizlab_6, nicolae_vaults_ring_of_whatevers, v_pattern_3,
          hangedman_vaults_variations, nicolae_vaults_tetromino_T_1,
          vaults_mumra_lcd, nicolae_vaults_diamond_2, grunt_vaults_diagonal,
          nicolae_vaults_diagonal_hallway_8, ontoclasm_vaults_chip,
          ontoclasm_vaults_shout, nicolae_vaults_trapezoid_4,
          layout_vaults_quadrants, serial_shops, nicolae_square_shop
Vaults:2: portal_desolation_entry_twin_temple, blue_anna_dwarven_crypt,
          nicolae_vaults_meiosis, st_greater_box_3, vaults_room_hallway,
          ontoclasm_vaults_shuriken, v_misc_33, nicolae_vaults_asterisk,
          grunt_vaults_bifocal, ontoclasm_vaults_eye,
          nicolae_vaults_apartment_1, nicolae_vaults_more_shelving_1,
          layout_vaults_big_cross, serial_hangedman_research,
          hangedman_research_thermodynamics
Vaults:3: nicolae_vaults_what_the_h, v_misc_30, nicolae_vaults_specimen_jars,
          nicolae_vaults_variable_pillar_hall, nicolae_vaults_network_barrier,
          nicolae_vaults_ellipses_ellipsis, nicolae_vaults_layer_cake_slice,
          ontoclasm_vaults_gallery, ontoclasm_vaults_ligature,
          nicolae_vaults_puzzle_piece, v_misc_9, v_misc_25,
          nicolae_vaults_little_squares_6, nicolae_vaults_little_squares_5,
          nicolae_vaults_trapezoid_2, layout_vaults_omnibox, enter_trove_3,
          uniq_zenata

Skill      XL: |  1  2  3  4  5  6  7  8  9 10 11 12 13 14 15 16 17 18 19 20 21 |
---------------+----------------------------------------------------------------+-----
Fighting       | 1 2 3 4 6 7 8 11 12 13 14 16 | 16.8
Dodging        | 3 4 5 6 7 9 10 12 14 16 | 16.5
Ice Magic      | 5 6 7 9 10 12 15 16 18 19 20 21 22 | 22.9
Spellcasting   | 3 4 5 6 7 8 9 11 12 13 14 | 14.0
Transmutations | 4 9 12 13 16 19 | 19.3
Conjurations   | 3 4 |  4.0
Shields        | 5 8 |  8.0
Unarmed Combat | 2 4 |  4.5
Evocations     | 7 8 |  8.0
Stealth        | |  2.1

Action                     |  1- 3 |  4- 6 |  7- 9 | 10-12 | 13-15 | 16-18 | 19-21 || total
---------------------------+-------+-------+-------+-------+-------+-------+-------++-------
  Melee: Unarmed           |    12 |       |       |       |       |    31 |   202 ||   245
         Dagger            |    44 |   135 |   181 |   129 |       |       |       ||   489
         Punch             |       |     2 |     3 |     7 |     9 |     2 |    10 ||    33
         Spear             |       |       |       |   213 |   715 |       |       ||   928
         War axe           |       |       |       |       |    25 |   629 |   205 ||   859
         Tailslap          |       |       |       |       |     7 |    32 |    51 ||    90
         Bite              |       |       |       |       |       |     7 |    37 ||    44
   Cast: Freeze            |    33 |    12 |    17 |    43 |    91 |     4 |       ||   200
         Frozen Ramparts   |     2 |     6 |    38 |    66 |    92 |    62 |    34 ||   300
         Ozocubu's Armour  |       |     6 |    31 |    42 |    91 |    55 |    28 ||   253
         Hailstorm         |       |       |     3 |    10 |     2 |       |       ||    15
         Irradiate         |       |       |       |       |    41 |    57 |    30 ||   128
         Ozocubu's Refrige |       |       |       |       |    74 |   200 |   103 ||   377
         Dragon Form       |       |       |       |       |       |     6 |    15 ||    21
         Polar Vortex      |       |       |       |       |       |     1 |     1 ||     2
  Evoke: Wand              |       |       |       |       |       |     3 |       ||     3
    Use: Potion            |       |       |     1 |     5 |    10 |    22 |     8 ||    46
         Scroll            |       |       |    12 |    10 |    16 |    20 |     8 ||    66
   Stab: Sleeping          |     4 |     1 |       |       |     2 |     1 |       ||     8
         Distracted        |       |       |       |       |       |     1 |     1 ||     2
 Armour: Robe              |    30 |    36 |    90 |   142 |   356 |   562 |   174 ||  1390
         Skin              |       |       |       |       |       |    49 |   127 ||   176
  Dodge: Dodged            |    60 |    64 |   135 |   370 |   924 |  1324 |   501 ||  3378
  Block: Other             |       |       |       |   102 |   208 |    34 |    93 ||   437
         Reflection        |       |       |       |     1 |    16 |     8 |       ||    25
         Buckler           |       |       |       |       |    46 |  1204 |       ||  1250
         Orb               |       |       |       |       |       |       |   172 ||   172
